 Dungeon Crawl Stone Soup version 0.26-a0-84-g8c18429211 (webtiles) character file.

Game seed: 9063535589781706007

10471 Gargoyl the Protected (level 11, -1/92 HPs)
             Began as a Centaur Abyssal Knight on June 21, 2020.
             Was an Elder of Lugonu.
             Slain by a manticore (19 damage)
             ... on level 11 of the Dungeon.
             The game lasted 00:15:59 (13440 turns).

Gargoyl the Protected (Centaur Abyssal Knight)     Turns: 13440, Time: 00:16:00

Health: -1/92      AC: 18    Str: 16    XL:     11   Next: 36%
Magic:  25/25      EV:  9    Int: 15    God:    Lugonu [****..]
Gold:   706        SH:  0    Dex: 15    Spells: 10/10 levels left

rFire    . . .     SeeInvis +   b - +10 long sword "Waulutot" {protect, rPois Int+4 Dex+4}
rCold    . . .     Gourm    .   (no shield)
rNeg     . . .     Faith    .   j - +1 scale mail of Dogma {rElec SInv}
rPois    +         Spirit   .   t - +1 helmet
rElec    +         Reflect  .   A - -1 cloak (curse)
rCorr    .         Harm     .   (no gloves)
MR       .....                  (no barding)
Stlth    ..........             (no amulet)
HPRegen  0.25/turn              h - ring of magical power
MPRegen  0.19/turn              (no ring)

@: barbed spikes, protection aura, heavily drained, very quick
A: large, hooves 3, deformed body, speed 2, tough skin 3
a: Depart the Abyss, Bend Space, Banish, Corrupt, Renounce Religion


You were on level 11 of the Dungeon.
You worshipped Lugonu.
Lugonu was greatly pleased with you.
You were very hungry.

You visited 1 branch of the dungeon, and saw 11 of its levels.
You visited the Abyss 1 time.

You collected 706 gold pieces.

Inventory:

Hand Weapons
 a - a +3 hand axe
 b - the +10 long sword "Waulutot" (weapon) {protect, rPois Int+4 Dex+4}
   (You found it on level 4 of the Dungeon)

   It grants its wielder temporary protection when it strikes (+7 to AC).
   It affects your intelligence (+4).
   It affects your dexterity (+4).
   It protects you from poison.
Missiles
 C - 5 silver javelins (quivered)
Armour
 j - the +1 scale mail of Dogma (worn) {rElec SInv}
   (You found it on level 5 of the Dungeon)

   It insulates you from electricity.
   It lets you see invisible.
 t - a +1 helmet (worn)
 A - a cursed -1 cloak (worn)
Jewellery
 h - a ring of magical power (left hand)
Wands
 d - a wand of acid (15)
 l - a wand of paralysis (15)
 v - a wand of enslavement (7)
 y - a wand of flame (83)
Scrolls
 e - 8 scrolls of identify
 i - 2 scrolls of teleportation
 n - 5 scrolls of remove curse
 o - a scroll of fear
 x - a scroll of blinking
 B - a scroll of fog
Potions
 f - a potion of invisibility
 g - a potion of haste
 k - a potion of resistance
 m - 4 potions of curing
 p - 3 potions of heal wounds
 q - 2 potions of brilliance
 s - 2 potions of flight
 u - a potion of lignification
 z - 2 potions of stabbing
Comestibles
 c - 20 rations


   Skills:
 + Level 7.1(5.3) Fighting
 + Level 7.5(5.6) Long Blades
 + Level 4.2(2.5) Axes
 * Level 8.2(6.4) Armour
 * Level 4.9(3.2) Dodging
 * Level 7.8(6.0) Invocations
 + Level 0.1(0.0) Evocations


You had 10 spell levels left.
You didn't know any spells.
Your spell library contained the following spells:

 Spells                   Type           Power        Failure   Level  Hunger
 Corona                   Hex            #......      65%         1    ##.....
 Freeze                   Ice            #...         65%         1    ##.....
 Ensorcelled Hibernation  Hex/Ice        #.....       78%         2    ###....
 Confusing Touch          Hex            #.......     95%         3    ####...
 Dazzling Flash           Conj/Hex       #.....       95%         3    ####...
 Frozen Ramparts          Ice            #.....       95%         3    ####...
 Ozocubu's Armour         Chrm/Ice       #.......     95%         3    ####...
 Tukima's Dance           Hex            #.......     95%         3    ####...
 Hailstorm                Conj/Ice       #.......     100%        4    #####..
 Summon Ice Beast         Ice/Summ       #.......     100%        4    #####..


Dungeon Overview and Level Annotations

Branches:
Dungeon (11/15)            Temple (0/1) D:6            Lair (0/6) D:10
    Orc (0/2) D:10

Altars:
Ashenzari
Cheibriados
Dithmenos
Gozag
Hepliaklqana
Kikubaaqudgha
Okawaru
Qazlal
Sif Muna
Uskayaw
Vehumet
Wu Jian
Yredelemnul
Beogh

Annotations:
D:11 niknal's ghost, novice SpNe
Abyss:1 Urug


Innate Abilities, Weirdness & Mutations

You have hooves in place of feet.
Armour fits poorly on your strangely shaped body.
You cover ground very quickly.
You have extremely tough skin. (AC +3)


Message History

The manticore is moderately wounded.
The manticore barely misses you.
You riposte.
You hit the manticore. Your kick misses the manticore.
The manticore is moderately wounded.
The manticore claws you but does no damage. x2
The manticore closely misses you.
The manticore claws you but does no damage. x2
You slash the manticore!
You kick the manticore, but do no damage.
The manticore is heavily wounded.
The manticore bites you.
* * * LOW HITPOINT WARNING * * *
The manticore claws you but does no damage.
The manticore claws you!
* * * LOW HITPOINT WARNING * * *
You hit the manticore.
You kick the manticore, but do no damage.
The manticore is heavily wounded.
The manticore bites you!!
You die...

#.# #).# #.# +.)#
#.#####..##
#.........#
..........#
####......###### #
...#...........# .#
...#...........###..#
...#.......<.[..@H..#
...#.......##'#.....#
...#.#######..#.....#
...#.#........#.#####
...#.##.......#.#
...#. #.......#!#
####. #.......#..
..... ######..#..
##... ####..


You could see a manticore.

Vanquished Creatures
  Josephine (D:11)
  Erica (D:8)
  A two-headed ogre (D:9)
  2 trolls
  Grinder (D:3)
  A hippogriff (D:5)
  Sigmund (D:2)
  3 wraiths (D:11)
  2 wyverns
  7 yaks
  A hungry ghost (D:10)
  A water moccasin (D:5)
  2 ice beasts
  3 phantoms
  5 orc warriors
  A sky beast (D:6)
  3 black bears
  7 ogres
  3 centaurs
  A big kobold (D:8)
  3 bullfrogs
  A small abomination (Abyss:2)
  A wyvern zombie (D:7)
  A wyvern skeleton (D:10)
  4 scorpions
  12 killer bees
  3 wights (D:9)
  2 howler monkeys
  2 crimson imps
  A bullfrog zombie (D:9)
  A centaur zombie (D:6)
  A quasit (D:10)
  A jelly (D:5)
  7 orc priests
  7 hounds
  4 orc wizards
  A bullfrog skeleton (D:9)
  2 centaur skeletons (D:7)
  2 iguanas
  Natasha (thrice) (D:3)
  Terence (D:2)
  4 worker ants
  2 hound zombies
  A hound skeleton (D:4)
  3 worker ant zombies
  8 adders
  7 gnolls
  2 shadow imps
  An adder skeleton (D:4)
  2 worms
  3 dart slugs
  7 leopard geckos
  32 orcs
  3 ball pythons
  7 giant cockroaches
  5 goblins
  6 hobgoblins
  9 jackals
  9 kobolds
  4 quokkas
  7 bats
  4 frilled lizards
  2 rats (D:1)
  A plant (D:10)
236 creatures vanquished.

Vanquished Creatures (others)
  An oklob plant (D:10)
  A leopard gecko (D:2)
  A plant (D:10)
3 creatures vanquished.

Grand Total: 239 creatures vanquished

Notes
Turn   | Place    | Note
-------+----------+-------------------------------------------
     0 | Abyss:1  | Gargoyl the Centaur Abyssal Knight began the quest for the
                  | Orb.
     0 | Abyss:1  | Reached XP level 1. HP: 19/19 MP: 2/2
    50 | Abyss:2  | Noticed a small abomination
    68 | Abyss:2  | Killed a small abomination
    68 | Abyss:2  | Reached XP level 2. HP: 27/27 MP: 3/3
    68 | Abyss:2  | Reached XP level 3. HP: 33/33 MP: 4/4
    91 | Abyss:2  | Noticed a chaos spawn
   120 | Abyss:4  | Noticed a thrashing horror
   121 | Abyss:4  | Noticed a thrashing horror
   124 | Abyss:4  | Noticed a thrashing horror
   158 | Abyss:4  | Noticed an eidolon
   161 | Abyss:5  | Entered Level 5 of the Abyss
   161 | Abyss:5  | Found a corrupted altar of Lugonu.
   161 | Abyss:5  | Noticed a lich
   161 | Abyss:5  | Noticed a large abomination
   162 | Abyss:5  | Noticed a hell hog
   162 | Abyss:5  | Noticed a smoke demon
   163 | D:1      | Escaped the Abyss
   300 | D:1      | Reached XP level 4. HP: 36/40 MP: 5/5
   380 | D:1      | Reached * piety under Lugonu
   751 | D:1      | Reached skill level 2 in Armour
  1155 | D:2      | Noticed Sigmund
  1173 | D:2      | Killed Sigmund
  1173 | D:2      | Reached skill level 1 in Dodging
  1173 | D:2      | Reached XP level 5. HP: 33/47 MP: 5/7
  1371 | D:2      | Found a radiant altar of Vehumet.
  1447 | D:2      | Reached XP level 6. HP: 53/53 MP: 8/8
  1514 | D:2      | Found a shimmering blue altar of Sif Muna.
  1820 | D:2      | Noticed Terence
  1832 | D:2      | Killed Terence
  2502 | D:3      | Noticed Natasha
  2508 | D:3      | Killed Natasha
  2791 | D:3      | Noticed Natasha
  2793 | D:3      | Found a faded altar of an unknown god.
  2802 | D:3      | Killed Natasha
  3146 | D:3      | Noticed Grinder
  3150 | D:3      | Paralysed by Grinder for 6 turns
  3165 | D:3      | Killed Grinder
  3165 | D:3      | Reached skill level 3 in Armour
  3165 | D:3      | Reached XP level 7. HP: 22/60 MP: 9/9
  3379 | D:3      | Noticed Natasha
  3384 | D:3      | Killed Natasha
  3643 | D:4      | Reached ** piety under Lugonu
  3778 | D:4      | Found a hide-covered altar of Uskayaw.
  3782 | D:4      | Noticed a +0 hand axe
  3782 | D:4      | Noticed a +0 dagger
  4144 | D:4      | Got a transparent long sword
  4145 | D:4      | Identified the +10 long sword "Waulutot" {protect, rPois
                  | Int+4 Dex+4} (You found it on level 4 of the Dungeon)
  4224 | D:4      | Found a basalt altar of Yredelemnul.
  4330 | D:4      | Reached skill level 5 in Fighting
  4330 | D:4      | Reached skill level 4 in Armour
  4677 | D:5      | Entered Level 5 of the Dungeon
  4677 | D:5      | Noticed a hippogriff
  4684 | D:5      | Reached XP level 8. HP: 60/68 MP: 11/11
  4687 | D:5      | Killed a hippogriff
  4687 | D:5      | Reached skill level 1 in Long Blades
  4847 | D:5      | Got a jewelled scale mail
  4858 | D:5      | Identified the +1 scale mail of Dogma {rElec SInv} (You
                  | found it on level 5 of the Dungeon)
  5127 | D:5      | Found an opulent altar of Gozag.
  5479 | D:5      | Found a stormy altar of Qazlal.
  5579 | D:6      | Got an iridescent flail
  5580 | D:6      | Identified the +9 flail of Honour {freeze, rC+ MR+ Int+6
                  | Dex-2} (You found it on level 6 of the Dungeon)
  5622 | D:6      | Found a shadowy altar of Dithmenos.
  5627 | D:6      | Reached skill level 5 in Armour
  5923 | D:6      | Found a staircase to the Ecumenical Temple.
  6083 | D:7      | Found a snail-covered altar of Cheibriados.
  6140 | D:7      | Found a shattered altar of Ashenzari.
  6157 | D:7      | Reached skill level 5 in Invocations
  6165 | D:7      | Reached XP level 9. HP: 35/74 MP: 12/12
  6703 | D:7      | Found a hazy altar of Hepliaklqana.
  6831 | D:8      | Found an iron altar of Okawaru.
  6863 | D:8      | Reached *** piety under Lugonu
  6981 | D:8      | Noticed Erica
  6994 | D:8      | Killed Erica
  6994 | D:8      | Reached skill level 6 in Armour
  7378 | D:8      | Reached skill level 5 in Long Blades
  7967 | D:8      | Found an ornate altar of the Wu Jian Council.
  8022 | D:8      | Reached XP level 10. HP: 53/83 MP: 14/14
  8652 | D:9      | Found a shadowy altar of Dithmenos.
  8941 | D:9      | Reached skill level 7 in Armour
  9166 | D:9      | Found an ancient bone altar of Kikubaaqudgha.
  9199 | D:10     | Entered Level 10 of the Dungeon
  9233 | D:10     | Noticed a two-headed ogre
  9689 | D:9      | Killed a two-headed ogre
 10029 | D:10     | Reached **** piety under Lugonu
 10684 | D:10     | Noticed Urug
 11125 | D:10     | Noticed an oklob plant
 11404 | D:10     | Banished an oklob plant
 11404 | D:10     | Reached XP level 11. HP: 91/91 MP: 16/16
 11405 | D:10     | Found a staircase to the Lair.
 11594 | D:10     | Found a roughly hewn altar of Beogh.
 11892 | D:10     | Reached skill level 8 in Armour
 12076 | D:10     | Found a staircase to the Orcish Mines.
 12413 | D:9      | Banished Urug
 12886 | D:11     | Noticed a two-headed ogre
 12887 | D:11     | Noticed niknal's ghost (novice SpNe)
 12907 | D:11     | Identified the +5 broad axe of a sewer {venom, rF- Str+7}
 12960 | D:11     | Noticed Josephine
 12982 | D:11     | Killed Josephine
 13440 | D:11     | Slain by a manticore

Illustrated notes

Levels and vault maps discovered:
D:1:      lightli_arrival_statue_moat, layout_loops_ring,
          wander_ebering_terrifying_dragon_lair
D:2:      layout_loops_ring, fiery_altar_vehumet, old_standard_altar,
          uniq_terence, uniq_sigmund
D:3:      layout_basic, chequers_ecumenical_altar_simple, uniq_grinder,
          uniq_natasha
D:4:      layout_rooms, dancing_weapons_uskayaw, kennysheep_little_box,
          first_ration, chequers_serial_rivers_room_b
D:5:      layout_loops_ring, nicolae_overflow_crystal_walls,
          nicolae_qazlal_eye_of_the_storm, kennysheep_pointless_box
D:6:      layout_cave_pools, minmay_temple_entry_mist,
          nicolae_dithmenos_the_darkroom
D:7:      layout_cave_pools, lemuel_doored_altar, ashenzari_conservatory_becter,
          lemuel_round_altar
D:8:      layout_basic, marbit_many_paths, kennysheep_mini, serial_corexii_hall,
          corexii_hall_statues_l, corexii_hall_statues_x,
          chequers_hall_statues_corner_a, uniq_erica
D:9:      layout_small_grid, nicolae_overflow_hidden_temple, basic_altar
D:10:     layout_small_grid, dpeg_oklobed_lair, david_orc_5, uniq_urug
D:11:     layout_irregular_city, gammafunk_ghost_wrathful_warriors,
          serial_shops, shop, basic_altar, grunt_tengu_nest, uniq_josephine,
          uniq_snorg

Skill      XL: |  1  2  3  4  5  6  7  8  9 10 11 |
---------------+----------------------------------+-----
Fighting       | 4 5 6 7 |  7.1
Axes           | 2 3 4 |  4.2
Armour         | 2 3 4 5 6 7 8 |  8.2
Dodging        | 1 2 3 4 |  4.9
Invocations    | 3 4 5 6 7 |  7.8
Long Blades    | 3 5 6 7 |  7.5
Evocations     | |  0.1

Action                   |  1- 3 |  4- 6 |  7- 9 | 10-12 || total
-------------------------+-------+-------+-------+-------++-------
Melee: Hand axe          |    13 |   199 |    69 |       ||   281
       Kick              |     3 |    31 |    70 |   112 ||   216
       Long sword        |       |       |   169 |   299 ||   468
Throw: Boomerang         |       |       |       |     3 ||     3
Invok: Depart the Abyss  |     1 |       |       |       ||     1
       Bend Space        |       |       |       |     2 ||     2
       Banish            |       |       |       |     3 ||     3
Evoke: Wand              |     2 |       |       |       ||     2
  Use: Scroll            |     2 |     6 |    11 |     4 ||    23
       Potion            |     2 |     3 |     3 |     1 ||     9
  Eat: Chunk             |       |     6 |     7 |    16 ||    29
       Ration            |       |       |     2 |       ||     2
Armor: Leather armour    |     4 |    14 |       |       ||    18
       Plate armour      |       |   169 |    73 |       ||   242
       Scale mail        |       |       |   114 |   160 ||   274
Dodge: Dodged            |     7 |    35 |   113 |   153 ||   308
       Rpst.: Long sword |       |       |    35 |    42 ||    77

Table legend:
 A = Non-vault XP
 B = Vault XP
 C = Vault XP percentage of total XP
 D = Non-vault monster count
 E = Vault monster count
 F = Vault count percentage of total count
                 A         B        C        D         E       F
            +---------+---------+-------+---------+---------+-------
      Total |   10141 |    4818 |  32.2 |     201 |      36 |  15.2
            +---------+---------+-------+---------+---------+-------
        D:1 |      44 |       1 |   2.2 |      22 |       1 |   4.3
        D:2 |      27 |     267 |  90.8 |      13 |       2 |  13.3
        D:3 |     145 |     308 |  68.0 |      21 |       2 |   8.7
        D:4 |     441 |       0 |   0.0 |      20 |       0 |   0.0
        D:5 |     718 |       0 |   0.0 |      12 |       0 |   0.0
        D:6 |     360 |       0 |   0.0 |       5 |       0 |   0.0
        D:7 |     809 |       0 |   0.0 |      13 |       0 |   0.0
        D:8 |    1561 |     963 |  38.2 |      30 |       2 |   6.2
        D:9 |    2824 |     735 |  20.7 |      24 |       3 |  11.1
       D:10 |    3068 |     891 |  22.5 |      36 |      22 |  37.9
       D:11 |      56 |    1653 |  96.7 |       4 |       4 |  50.0
    Abyss:2 |      88 |       0 |   0.0 |       1 |       0 |   0.0
            +---------+---------+-------+---------+---------+-------
